 Dungeon Crawl Stone Soup version 0.29-a0-993-g4a18f31a58 (webtiles) character file.

Game seed: 3113973283161010284

50 porpoise the Chopper (level 4, -7/35 HPs)
             Began as a Formicid Gladiator on Aug 3, 2022.
             Killed by divine providence
             ... invoked by an orc priest
              (11 damage)
             ... on level 3 of the Dungeon.
             The game lasted 00:05:11 (2078 turns).

porpoise the Chopper (Formicid Gladiator)           Turns: 2078, Time: 00:05:12

Health: -7/35      AC:  5    Str: 20    XL:     4   Next: 4%
Magic:  4/4        EV: 11    Int:  8    God:
Gold:   95         SH:  0    Dex: 15    Spells: 3/3 levels left

rFire   . . .      SeeInvis +   a - +0 war axe
rCold   . . .      Faith    .   (no shield)
rNeg    . . .      Spirit   .   p - +0 ring mail
rPois   .          Reflect  .   (helmet unavailable)
rElec   .          Harm     .   (no cloak)
rCorr   .          Rampage  .   (no gloves)
Will    .....                   (no boots)
Stlth   +.........              (no amulet)
HPRegen 0.11/turn               (no ring)
MPRegen 0.09/turn               (no ring)

@: no status effects
A: permanent stasis, dig shafts and tunnels, antennae 3, four strong arms
a: Dig, Shaft Self


You were on level 3 of the Dungeon.
You visited 1 branch of the dungeon, and saw 3 of its levels.

You collected 95 gold pieces.

Inventory:

Hand Weapons
 a - a +0 war axe (weapon)
Missiles
 c - 3 throwing nets (quivered)
 d - a javelin
 f - 5 atropa-tipped darts
Armour
 b - a +0 leather armour
 g - a +0 chain mail
 p - a +0 ring mail (worn)
Jewellery
 k - an amulet of guardian spirit
Scrolls
 i - a scroll of amnesia {unknown}
 j - a scroll of magic mapping {unknown}
 l - a scroll of poison {unknown}
 m - 2 scrolls of brand weapon {unknown}
 n - a scroll of torment {unknown}
 q - a scroll of teleportation {unknown}
 s - a scroll of identify {unknown}
Potions
 e - 2 potions of magic {unknown}
 h - 3 potions of might {unknown}
 o - a potion of invisibility {unknown}
 r - a potion of haste {unknown}
 t - a potion of ambrosia {unknown}


   Skills:
 + Level 3.0 Fighting
 * Level 4.1 Axes
 - Level 2.0 Throwing
 - Level 2.6 Dodging


You had 3 spell levels left.
You didn't know any spells.
Your spell library contained the following spells:

 Spells                   Type           Power      Damage    Failure   Level
 Cause Fear               Hex            0%         N/A       100%        4
 Dragon Form              Tmut           0%         N/A       100%        7
 Dragon's Call            Summ           0%         N/A       100%        9


Dungeon Overview and Level Annotations

Branches:
Dungeon (3/15)

Altars:

Shops:
D:2 (


Innate Abilities, Weirdness & Mutations

You cannot be hasted, slowed, berserked, paralysed or teleported.
You can dig through walls and to a lower floor.
You have a pair of large antennae on your head. (SInv)
Your four strong arms can wield two-handed weapons with a shield.


Message History

You start resting.
HP restored.
Unknown command.
You see here an adder corpse.
Found a stone staircase leading down.
A giant cockroach comes into view.
You barely miss the giant cockroach.
The giant cockroach bites you but does no damage. x2
You slash the giant cockroach!
You kill the giant cockroach!
You have reached level 4!
You feel clever.
Found 5 stones.
Found 5 stones.
A kobold comes into view. It is wielding a +0 club.
The kobold shouts!
You hear a shout!
The kobold throws a stone.
The stone hits you but does no damage.
An orc priest comes into view. It is wielding a +0 war axe.
You see here a scroll labelled VENAMA KEIGUZI.
You closely miss the kobold. The kobold misses you.
You closely miss the kobold. The kobold closely misses you.
You hit the kobold.
You kill the kobold!
An orc priest comes into view. It is wielding a +0 hand axe.
The orc priest shouts!
You hear an angry hiss.
An orc priest comes into view. It is wielding a +0 war axe.
Things that are here:
a +0 club; 3 stones The orc priest shouts!
The orc priest hits you with a +0 war axe.
A ball python comes into view.
You hit the orc priest but do no damage.
Your punch misses the orc priest.
The orc priest hits you with a +0 war axe!
The orc priest invokes the aid of Beogh against you.
Beogh smites you!
* * * LOW HITPOINT WARNING * * *
The orc priest invokes the aid of Beogh against you.
Beogh smites you!
You die...

#...... .........###
####### .....S.....#
#.........# #.........#
#...o.o...# #........#
#.....o..# ###.....@..#
.. ..#.......)!.# .
.(.#.......?.##
.............# ##
..............# .#
...............#
.##...............####
.##...###.............#
.......##.............#


You could see 3 orc priests and a ball python.

Vanquished Creatures
  2 adders
  5 ball pythons
  3 endoplasms
  2 giant cockroaches
  5 jackals (D:1)
  2 bats
  A frilled lizard (D:1)
  A goblin (D:1)
  7 kobolds
  2 rats
30 creatures vanquished.

Notes
Turn   | Place    | Note
-------+----------+-------------------------------------------
     0 | D:1      | porpoise the Formicid Gladiator began the quest for the
                  | Orb.
     0 | D:1      | Reached XP level 1. HP: 16/16 MP: 1/1
   115 | D:1      | Reached XP level 2. HP: 15/23 MP: 2/2
   833 | D:2      | Reached XP level 3. HP: 17/28 MP: 3/3
  1369 | D:2      | Found Wozituse's Weapon Boutique.
  1512 | D:3      | Reached skill level 4 in Axes
  1991 | D:3      | Reached XP level 4. HP: 35/35 MP: 4/4
  2078 | D:3      | Killed from afar by an orc priest

Illustrated notes

Levels and vault maps discovered:
D:1:      spicycebolla_arrival_ecumenical, layout_rooms
D:2:      layout_rooms, serial_shops, nicolae_shop_hallway_stairs
D:3:      layout_basic, kennysheep_generic_room_13

Skill      XL: |  1  2  3 |
---------------+----------+-----
Axes           | 4 |  4.1
Fighting       | 3 |  3.0
Throwing       | |  2.0
Dodging        | |  2.6

Action                   |  1- 3 |  4- 6 || total
-------------------------+-------+-------++-------
Melee: War axe           |   100 |     4 ||   104
       Punch             |     1 |       ||     1
Armor: Chain mail        |    32 |       ||    32
       Leather armour    |     6 |       ||     6
       Ring mail         |    18 |     1 ||    19
Dodge: Dodged            |    66 |     2 ||    68

Table legend: (Time is in decaauts)
 A = Elapsed time spent in this place.
 B = Non-inter-level travel time spent in this place.
 C = Inter-level travel time spent in this place.
 D = Time resting spent in this place.
 E = Time spent auto-exploring this place.
 F = Levels seen in this place.
 G = Mean time per level.
                   A        B        C        D        E       F      G
               +--------+--------+--------+--------+--------+-----+--------+
         Total |   2111 |   1960 |    151 |    605 |    983 |   3 |  703.7 |
       Dungeon |   2111 |   1960 |    151 |    605 |    983 |   3 |  703.7 |
               +--------+--------+--------+--------+--------+-----+--------+

Top non-repeatable levels by time:
     D:1: 778 daAuts
     D:2: 763 daAuts
     D:3: 569 daAuts
